MID
HAGERSTOWN SUNS @ SOUTH BEND CUBS
09/15/2049
 
TOP OF THE 1ST
Hagerstown Suns batting - Pitching for South Bend Cubs : RHP Scott Hanson
Pitching: RHP Scott Hanson
Batting: RHB Rudolph Lentz 0-0: Swinging Strike
0-1: Hit by Pitch
Batting: SHB Jose Melendez 0-0: Ball
1-0: Ball
2-0: Ball
3-0: Called Strike
3-1: Base on Balls
Rudolph Lentz to second
Batting: RHB Xavier Reeves 0-0: Ball
1-0: SINGLE (Line Drive, 8RS, EV 94.4 MPH)
Rudolph Lentz to third
Jose Melendez to second
Batting: RHB Leo Gutierrez 0-0: Ball
1-0: Called Strike
1-1: Ball
2-1: Ball
3-1: Base on Balls
Rudolph Lentz scores
Jose Melendez to third
Xavier Reeves to second
Batting: RHB Kenny Ball 0-0: Called Strike
0-1: Ball
1-1: DOUBLE (Groundball, 5L, EV 107.5 MPH)
Jose Melendez scores
Xavier Reeves scores
Leo Gutierrez to third
Batting: LHB Mike Hamilton 0-0: Ball
1-0: Ball
2-0: Ball
3-0: Called Strike
3-1: Base on Balls
Pitching: RHP Melvin Orengo
Batting: RHB Yok-sing Szema 0-0: Ball
1-0: Ball
2-0: Foul Ball, location: 2F
2-1: Fielders Choice at 2nd, 6-4 (Groundball, 6, EV 81.9 MPH)
Leo Gutierrez scores
Kenny Ball to third
Batting: RHB Jelexiz Cuenca 0-0: Called Strike
0-1: Ball
1-1: Swinging Strike
1-2: Strikes out looking
Batting: RHB Alex Martinez 0-0: Called Strike
0-1: Ball
1-1: Ball
2-1: Ball
3-1: TRIPLE (Line Drive, 8RD, EV 88.8 MPH)
Kenny Ball scores
Yok-sing Szema scores
Batting: RHB Rudolph Lentz 0-0: Ball
1-0: Ball
2-0: Ball
3-0: Base on Balls
Batting: SHB Jose Melendez 0-0: Called Strike
0-1: Fielders Choice at 2nd, 6-4 (Groundball, 6, EV 86.9 MPH)
Top of the 1st over - 6 runs, 3 hits, 0 errors, 2 left on base; Hagerstown 6 - South Bend 0
BOTTOM OF THE 1ST
South Bend Cubs batting - Pitching for Hagerstown Suns : RHP Jayden Taylor
Pitching: RHP Jayden Taylor
Batting: RHB Dan Orozco 0-0: Called Strike
0-1: Foul Ball, location: 2F
0-2: Strikes out swinging
Batting: RHB Adrian Cox 0-0: Ground out 6-3 (Groundball, 6, EV 81.9 MPH)
Batting: RHB Erik Smith 0-0: Ball
1-0: Swinging Strike
1-1: Foul Ball, location: 2F
1-2: Foul Ball, location: 2F
1-2: Strikes out looking
Bottom of the 1st over - 0 runs, 0 hits, 0 errors, 0 left on base; Hagerstown 6 - South Bend 0
TOP OF THE 2ND
Hagerstown Suns batting - Pitching for South Bend Cubs : RHP Melvin Orengo
Pitching: LHP Mike Anderson
Batting: RHB Xavier Reeves 0-0: Fly out, F8 (Flyball, 8RD, EV 88.8 MPH)
Batting: RHB Leo Gutierrez 0-0: Swinging Strike
0-1: Ground out 5-3 (Groundball, 15, EV 78.1 MPH)
Batting: RHB Kenny Ball 0-0: DOUBLE (Flyball, 8RXD, EV 110.0 MPH)
Batting: LHB Mike Hamilton 0-0: Ball
1-0: Called Strike
1-1: Foul Ball, location: 2F
1-2: Strikes out swinging
Top of the 2nd over - 0 runs, 1 hit, 0 errors, 1 left on base; Hagerstown 6 - South Bend 0
BOTTOM OF THE 2ND
South Bend Cubs batting - Pitching for Hagerstown Suns : RHP Jayden Taylor
Batting: RHB David Bousfield 0-0: Swinging Strike
0-1: Foul Ball, location: 2F
0-2: Strikes out swinging
Batting: RHB Mike Stein 0-0: Ball
1-0: Swinging Strike
1-1: Fly out, F5 (Line Drive, 56, EV 69.4 MPH)
Batting: RHB Victor Ramirez 0-0: Called Strike
0-1: Ball
1-1: Swinging Strike
1-2: Strikes out swinging
Bottom of the 2nd over - 0 runs, 0 hits, 0 errors, 0 left on base; Hagerstown 6 - South Bend 0
TOP OF THE 3RD
Hagerstown Suns batting - Pitching for South Bend Cubs : LHP Mike Anderson
Batting: RHB Yok-sing Szema 0-0: Ball
1-0: Foul Ball, location: 2F
1-1: Foul Ball, location: 2F
1-2: Ball
2-2: Ball
3-2: Base on Balls
Batting: RHB Jelexiz Cuenca 0-0: Ball
1-0: Swinging Strike
1-1: Called Strike
1-2: Foul Ball, location: 2F
1-2: Ball
2-2: Strikes out looking
Pitching: LHP Dusty Blubaugh
Batting: RHB Alex Martinez 0-0: Foul Ball, location: 2F
0-1: Ball
1-1: SINGLE (Flyball, 34D, EV 91.9 MPH)
Yok-sing Szema to second
Batting: RHB Rudolph Lentz 0-0: Called Strike
0-1: 3-RUN HOME RUN (Flyball, 78XD, EV 101.2 MPH), Distance : 409 ft
Batting: SHB Jose Melendez 0-0: SINGLE (Groundball, 56, EV 108.8 MPH) (infield hit)
Batting: RHB Xavier Reeves 0-0: TRIPLE (Flyball, 89XD, EV 96.2 MPH)
Jose Melendez scores
Batting: RHB Leo Gutierrez 0-0: SINGLE (Line Drive, 8RS, EV 105.0 MPH)
Xavier Reeves scores
Pitching: RHP Steve Vint
Batting: RHB Kenny Ball 0-0: Ball
1-0: SINGLE (Groundball, 56, EV 98.8 MPH)
Leo Gutierrez to second
Batting: LHB Mike Hamilton 0-0: TRIPLE (Flyball, 8LXD, EV 103.8 MPH)
Leo Gutierrez scores
Kenny Ball scores
Batting: RHB Yok-sing Szema 0-0: Ball
1-0: Called Strike
1-1: Fly out, F7 (Flyball, 78S, EV 85.6 MPH)
Batting: RHB Jelexiz Cuenca 0-0: Called Strike
0-1: Foul Ball, location: 2F
0-2: Ball
1-2: 2-RUN HOME RUN (Line Drive, 78XD, EV 115.0 MPH), Distance : 432 ft
Batting: RHB Alex Martinez 0-0: SINGLE (Line Drive, 4D, EV 96.9 MPH)
Batting: RHB Rudolph Lentz 0-0: Ball
1-0: Ball
2-0: Called Strike
2-1: Foul Ball, location: 2F
2-2: Ball
3-2: Foul Ball, location: 2F
3-2: Strikes out looking
Top of the 3rd over - 9 runs, 9 hits, 0 errors, 1 left on base; Hagerstown 15 - South Bend 0
BOTTOM OF THE 3RD
South Bend Cubs batting - Pitching for Hagerstown Suns : RHP Jayden Taylor
Batting: RHB Ryan Bush 0-0: Called Strike
0-1: Swinging Strike
0-2: Strikes out swinging
Batting: RHB Dave de Wolff 0-0: Called Strike
0-1: Foul Ball, location: 2F
0-2: Ball
1-2: Ball
2-2: Ground out 3-1 (Groundball, 34S, EV 89.4 MPH)
Batting: RHB Gilberto Alvarado 0-0: Called Strike
0-1: Ball
1-1: Swinging Strike
1-2: Ball
2-2: Strikes out swinging
Bottom of the 3rd over - 0 runs, 0 hits, 0 errors, 0 left on base; Hagerstown 15 - South Bend 0
TOP OF THE 4TH
Hagerstown Suns batting - Pitching for South Bend Cubs : RHP Steve Vint
Pitching: RHP Andrew Dopp
Batting: SHB Jose Melendez 0-0: Ball
1-0: Foul Ball, location: 2F
1-1: Fly out, F5 (Popup, 5, EV 75.6 MPH)
Batting: RHB Xavier Reeves 0-0: Fly out, F9 (Line Drive, 9, EV 92.5 MPH)
Batting: RHB Leo Gutierrez 0-0: Swinging Strike
0-1: Ball
1-1: Ball
2-1: Ball
3-1: Fly out, F3 (Popup, 3S, EV 76.2 MPH)
Top of the 4th over - 0 runs, 0 hits, 0 errors, 0 left on base; Hagerstown 15 - South Bend 0
BOTTOM OF THE 4TH
South Bend Cubs batting - Pitching for Hagerstown Suns : RHP Jayden Taylor
Batting: RHB Dan Orozco 0-0: Swinging Strike
0-1: Foul Ball, location: 2F
0-2: Foul Ball, location: 2F
0-2: Ball
1-2: Ground out 6-3 (Groundball, 6, EV 79.4 MPH)
Batting: RHB Adrian Cox 0-0: Foul Ball, location: 2F
0-1: Ball
1-1: Ball
2-1: Called Strike
2-2: Foul Ball, location: 2F
2-2: Foul Ball, location: 2F
2-2: Ground out 4-3 (Groundball, 4M, EV 98.1 MPH)
Batting: RHB Erik Smith 0-0: DOUBLE (Groundball, 5L, EV 101.2 MPH)
Batting: RHB David Bousfield 0-0: Ball
1-0: Foul Ball, location: 2F
1-1: Ball
2-1: Ball
3-1: Foul Ball, location: 2F
3-2: SINGLE (Line Drive, 78M, EV 104.4 MPH)
Erik Smith to third
Batting: RHB Mike Stein 0-0: Ball
1-0: Swinging Strike
1-1: Foul Ball, location: 2F
1-2: Strikes out looking
Bottom of the 4th over - 0 runs, 2 hits, 0 errors, 2 left on base; Hagerstown 15 - South Bend 0
TOP OF THE 5TH
Hagerstown Suns batting - Pitching for South Bend Cubs : RHP Andrew Dopp
Batting: RHB Kenny Ball 0-0: Fly out, F7 (Line Drive, 78D, EV 105.0 MPH)
Batting: LHB Mike Hamilton 0-0: Called Strike
0-1: Called Strike
0-2: Foul Ball, location: 2F
0-2: Ball
1-2: Ball
2-2: Ball
3-2: Ground out 6-3 (Groundball, 6M, EV 87.5 MPH)
Batting: RHB Yok-sing Szema 0-0: SINGLE (Line Drive, 6D, EV 103.1 MPH)
Pitching: RHP Angel Pesina
Batting: RHB Jelexiz Cuenca 0-0: Ball
1-0: Ball
2-0: Called Strike
2-1: Swinging Strike
2-2: SINGLE (Groundball, 56D, EV 105.0 MPH)
Yok-sing Szema to second
Batting: RHB Alex Martinez 0-0: SINGLE (Line Drive, 7LM, EV 104.4 MPH)
Yok-sing Szema to third
Jelexiz Cuenca to second
Runner from 3rd tries for Home, SAFE, throw by LF to home
Batting: RHB Rudolph Lentz 0-0: Ball
1-0: Ball
Passed Ball!
Jelexiz Cuenca to third
Alex Martinez to second
2-0: Foul Ball, location: 2F
2-1: Swinging Strike
2-2: Ball
3-2: Base on Balls
Batting: SHB Jose Melendez 0-0: Called Strike
0-1: Swinging Strike
0-2: Strikes out looking
Top of the 5th over - 1 run, 3 hits, 0 errors, 3 left on base; Hagerstown 16 - South Bend 0
BOTTOM OF THE 5TH
South Bend Cubs batting - Pitching for Hagerstown Suns : RHP Jayden Taylor
Batting: RHB Victor Ramirez 0-0: Swinging Strike
0-1: Swinging Strike
0-2: Ball
1-2: Ball
2-2: Foul Ball, location: 2F
2-2: Strikes out swinging
Batting: RHB Ryan Bush 0-0: Ball
1-0: Called Strike
1-1: Ball
2-1: Ball
3-1: Foul Ball, location: 2F
3-2: Strikes out swinging
Batting: RHB Dave de Wolff 0-0: Called Strike
0-1: Foul Ball, location: 2F
0-2: Ground out 2-3 (Groundball, 15S, EV 71.9 MPH)
Bottom of the 5th over - 0 runs, 0 hits, 0 errors, 0 left on base; Hagerstown 16 - South Bend 0
TOP OF THE 6TH
Hagerstown Suns batting - Pitching for South Bend Cubs : RHP Angel Pesina
Batting: RHB Xavier Reeves 0-0: Called Strike
0-1: Ball
1-1: Ball
2-1: Ball
3-1: Base on Balls
Pitching: RHP Josh Burns
Batting: RHB Leo Gutierrez 0-0: Ball
1-0: Swinging Strike
1-1: Foul Ball, location: 2F
1-2: Ball
2-2: Reached on error, E1 (Groundball, 34S, EV 73.8 MPH)
Xavier Reeves to second
Batting: RHB Kenny Ball 0-0: Ball
1-0: DOUBLE (Line Drive, 7LS, EV 106.2 MPH)
Xavier Reeves scores
Leo Gutierrez to third
Batting: LHB Mike Hamilton 0-0: Called Strike
0-1: Foul Ball, location: 2F
0-2: Ball
1-2: Hit by Pitch
Batting: RHB Yok-sing Szema 0-0: Foul Ball, location: 2F
0-1: SINGLE (Flyball, 9S, EV 95.6 MPH)
Leo Gutierrez scores
Kenny Ball to third
Mike Hamilton to second
Batting: RHB Jelexiz Cuenca 0-0: SINGLE (Groundball, 5L, EV 91.2 MPH) (infield hit)
Kenny Ball scores
Mike Hamilton to third
Yok-sing Szema to second
Batting: RHB Alex Martinez 0-0: Ball
1-0: Ball
2-0: Ball
3-0: Called Strike
3-1: Base on Balls
Mike Hamilton scores
Yok-sing Szema to third
Jelexiz Cuenca to second
Batting: RHB Rudolph Lentz 0-0: Called Strike
0-1: Ball
1-1: Ball
2-1: Ball
3-1: Foul Ball, location: 2F
3-2: Base on Balls
Yok-sing Szema scores
Jelexiz Cuenca to third
Alex Martinez to second
Pitching: LHP Mike Hill
Batting: SHB Jose Melendez 0-0: Called Strike
0-1: Ball
1-1: Fly out, F8 (Line Drive, 78M, EV 91.9 MPH)
Runner from 3rd tags up, SCORES, no throw by CF
Batting: RHB Xavier Reeves 0-0: SINGLE (Groundball, 6S, EV 73.1 MPH) (infield hit)
Alex Martinez to third
Rudolph Lentz to second
Batting: RHB Leo Gutierrez 0-0: Ball
1-0: Foul Ball, location: 2F
1-1: Ball
2-1: Foul Ball, location: 2F
2-2: Fielders Choice at 2nd, 5-4 (Groundball, 56S, EV 85.0 MPH)
Alex Martinez scores
Rudolph Lentz to third
Batting: RHB Kenny Ball 0-0: Foul Ball, location: 2F
0-1: Foul Ball, location: 2F
0-2: Foul Ball, location: 2F
0-2: Ball
1-2: Ball
2-2: Foul Ball, location: 2F
2-2: Ball
3-2: Foul Ball, location: 2F
3-2: Strikes out swinging
Top of the 6th over - 7 runs, 4 hits, 1 error, 2 left on base; Hagerstown 23 - South Bend 0
BOTTOM OF THE 6TH
South Bend Cubs batting - Pitching for Hagerstown Suns : RHP Jayden Taylor
Pitching: RHP Cheng-ho Tai
Batting: RHB Gilberto Alvarado 0-0: Ball
1-0: SINGLE (Line Drive, 9S, EV 104.4 MPH)
Batting: RHB Dan Orozco 0-0: Ball
1-0: Ball
2-0: Ball
3-0: Base on Balls
Gilberto Alvarado to second
Batting: RHB Adrian Cox 0-0: Ball
1-0: Fielders Choice at 2nd, 6-4 (Groundball, 6, EV 87.5 MPH)
Gilberto Alvarado to third
Batting: RHB Erik Smith 0-0: Ball
Wild Pitch!
Gilberto Alvarado scores
Adrian Cox to second
1-0: Swinging Strike
1-1: Foul Ball, location: 2F
1-2: Foul Ball, location: 2F
1-2: Strikes out looking
Batting: RHB David Bousfield 0-0: Ball
1-0: Called Strike
1-1: Foul Ball, location: 2F
1-2: Strikes out swinging
Bottom of the 6th over - 1 run, 1 hit, 0 errors, 1 left on base; Hagerstown 23 - South Bend 1
TOP OF THE 7TH
Hagerstown Suns batting - Pitching for South Bend Cubs : LHP Mike Hill
Batting: LHB Mike Hamilton 0-0: Ball
1-0: Called Strike
1-1: Foul Ball, location: 2F
1-2: Ball
2-2: Foul Ball, location: 2F
2-2: Foul Ball, location: 2F
2-2: SINGLE (Groundball, 56D, EV 95.0 MPH)
Batting: RHB Yok-sing Szema 0-0: Called Strike
0-1: Called Strike
0-2: Foul Ball, location: 2F
0-2: Ball
1-2: Foul Ball, location: 2F
1-2: Strikes out looking
Batting: RHB Jelexiz Cuenca 0-0: Called Strike
0-1: Foul Ball, location: 2F
0-2: Foul Ball, location: 2F
0-2: Foul Ball, location: 2F
0-2: Ball
Wild Pitch!
Mike Hamilton to second
1-2: DOUBLE (Flyball, 8RXD, EV 99.4 MPH)
Mike Hamilton scores
Batting: RHB Alex Martinez 0-0: Called Strike
0-1: Ball
1-1: SINGLE (Line Drive, 8LS, EV 97.5 MPH)
Jelexiz Cuenca to third
Batting: RHB Rudolph Lentz 0-0: Called Strike
0-1: Ball
1-1: Fly out, F9 (Flyball, 9D, EV 91.2 MPH)
Runner from 3rd tags up, SCORES, throw by RF
Batting: SHB Jose Melendez 0-0: Ball
1-0: Fly out, F4 (Line Drive, 4, EV 68.1 MPH)
Top of the 7th over - 2 runs, 3 hits, 0 errors, 1 left on base; Hagerstown 25 - South Bend 1
BOTTOM OF THE 7TH
South Bend Cubs batting - Pitching for Hagerstown Suns : RHP Cheng-ho Tai
Batting: RHB Mike Stein 0-0: Ball
1-0: Ball
2-0: Ball
3-0: Called Strike
3-1: Called Strike
3-2: Base on Balls
Pitching: LHP Mike Montgomery
Batting: RHB Victor Ramirez 0-0: Ball
1-0: Fielders Choice at 2nd, 4-6 (Groundball, 4, EV 86.9 MPH)
Batting: RHB Ryan Bush 0-0: Ball
1-0: Ball
2-0: Called Strike
2-1: Fly out, F7 (Line Drive, 7S, EV 91.9 MPH)
Batting: RHB Dave de Wolff 0-0: Called Strike
0-1: Ball
1-1: Ball
2-1: Ball
3-1: Base on Balls
Victor Ramirez to second
Batting: RHB Gilberto Alvarado 0-0: Ball
1-0: Ball
2-0: Foul Ball, location: 2F
2-1: Foul Ball, location: 2F
2-2: Foul Ball, location: 2F
2-2: Hit by Pitch
Victor Ramirez to third
Dave de Wolff to second
Batting: RHB Dan Orozco 0-0: Foul Ball, location: 2F
0-1: Swinging Strike
0-2: Ball
1-2: Ball
2-2: Strikes out swinging
Bottom of the 7th over - 0 runs, 0 hits, 0 errors, 3 left on base; Hagerstown 25 - South Bend 1
TOP OF THE 8TH
Hagerstown Suns batting - Pitching for South Bend Cubs : LHP Mike Hill
Batting: RHB Xavier Reeves 0-0: Ground out U3 (Groundball, 34, EV 85.6 MPH)
Batting: RHB Leo Gutierrez 0-0: Ball
1-0: Called Strike
1-1: Called Strike
1-2: Ball
2-2: Fly out, F9 (Flyball, 89M, EV 88.1 MPH)
Batting: RHB Kenny Ball 0-0: Called Strike
0-1: Fly out, F8 (Flyball, 8RD, EV 92.5 MPH)
Top of the 8th over - 0 runs, 0 hits, 0 errors, 0 left on base; Hagerstown 25 - South Bend 1
BOTTOM OF THE 8TH
South Bend Cubs batting - Pitching for Hagerstown Suns : LHP Mike Montgomery
Batting: RHB Adrian Cox 0-0: Ball
1-0: Ball
2-0: Ball
3-0: Foul Ball, location: 2F
3-1: Fly out, F8 (Line Drive, 78M, EV 90.6 MPH)
Batting: RHB Erik Smith 0-0: Fly out, F4 (Popup, 34, EV 72.5 MPH)
Batting: RHB David Bousfield 0-0: Ball
1-0: Ball
2-0: Fly out, F8 (Flyball, 8RM, EV 85.0 MPH)
Bottom of the 8th over - 0 runs, 0 hits, 0 errors, 0 left on base; Hagerstown 25 - South Bend 1
TOP OF THE 9TH
Hagerstown Suns batting - Pitching for South Bend Cubs : LHP Mike Hill
Batting: LHB Mike Hamilton 0-0: SINGLE (Groundball, P, EV 78.8 MPH) (infield hit)
Batting: RHB Yok-sing Szema 0-0: Ball
1-0: Ball
2-0: DOUBLE (Flyball, 9D, EV 96.2 MPH)
Mike Hamilton to third
Batting: RHB Jelexiz Cuenca 0-0: Ball
1-0: Ball
2-0: Ball
3-0: Called Strike
3-1: Foul Ball, location: 2F
Balk!
Mike Hamilton scores
Yok-sing Szema to third
3-2: Base on Balls
Batting: RHB Alex Martinez 0-0: Ball
1-0: Ball
2-0: Called Strike
2-1: Foul Ball, location: 2F
2-2: Ball
3-2: Base on Balls
Jelexiz Cuenca to second
Batting: RHB Rudolph Lentz 0-0: Swinging Strike
0-1: Ball
Wild Pitch!
Yok-sing Szema scores
Jelexiz Cuenca to third
Alex Martinez to second
1-1: Ball
2-1: Ball
3-1: Base on Balls
Batting: SHB Jose Melendez 0-0: Ball
1-0: Fielders Choice at 2nd, 3-6 (Groundball, 34S, EV 85.0 MPH)
Jelexiz Cuenca scores
Alex Martinez to third
Batting: RHB Xavier Reeves 0-0: Called Strike
0-1: Ball
1-1: Fly out, F9 (Flyball, 9, EV 80.6 MPH)
Runner from 3rd tags up, OUT at HOME! 9-2
Top of the 9th over - 3 runs, 2 hits, 0 errors, 1 left on base; Hagerstown 28 - South Bend 1
BOTTOM OF THE 9TH
South Bend Cubs batting - Pitching for Hagerstown Suns : LHP Mike Montgomery
Batting: RHB Mike Stein 0-0: Called Strike
0-1: Foul Ball, location: 2F
0-2: Ball
1-2: SINGLE (Groundball, 6MD, EV 103.1 MPH)
Pitching: RHP Jordan Amaker
Batting: RHB Victor Ramirez 0-0: Called Strike
0-1: Swinging Strike
0-2: Foul Ball, location: 2F
0-2: Strikes out swinging
Batting: RHB Ryan Bush 0-0: Foul Ball, location: 2F
0-1: Foul Ball, location: 2F
0-2: Strikes out swinging
Batting: RHB Dave de Wolff 0-0: Called Strike
0-1: Called Strike
0-2: Ball
1-2: Foul Ball, location: 2F
1-2: Ball
2-2: Foul Ball, location: 2F
2-2: Foul Ball, location: 2F
2-2: Foul Ball, location: 2F
2-2: Fly out, F9 (Flyball, 89M, EV 98.1 MPH)
Bottom of the 9th over - 0 runs, 1 hit, 0 errors, 1 left on base; Hagerstown 28 - South Bend 1
Sunday, July 16th , 2023 - OOTP Baseball 24.6 Build 69